 Dungeon Crawl Stone Soup version 0.20-a0-1006-ge6c5631 (webtiles) character file.

100 grisnicke the Ruffian (level 4, -3/41 HPs)
             Began as a Ghoul Monk on Apr 13, 2017.
             Splashed by a jelly's acid (6 damage)
             ... on level 2 of the Dungeon.
             The game lasted 00:12:16 (2141 turns).

grisnicke the Ruffian (Ghoul Monk)                  Turns: 2141, Time: 00:12:16

Health: -3/41      AC: -7    Str: 15    XL:     4   Next: 74%
Magic:  3/3        EV: 11    Int:  5    God:
Gold:   59         SH:  0    Dex: 11    Spells: 3/3 levels left

rFire    . . .     SeeInvis .     - Unarmed
rCold    + . .     Gourm    .   (no shield)
rNeg     + + +     Faith    .   c - +0 ring mail
rPois    ∞         Spirit   .   (no helmet)
rElec    .         Reflect  .   (no cloak)
rCorr    .         Harm     .   (no gloves)
MR       .....                  (no boots)
Stlth    +.........             (no amulet)
Regen    0.0/turn               (no ring)
MPRegen  0.1/turn               (no ring)

@: corroded, rotting, heavily drained
A: rotting body, claws 1, carnivore 3, cold resistance 1, negative energy
resistance 3, inhibited regeneration, torment resistance, unbreathing
a: no special abilities


You were on level 2 of the Dungeon.
You were not hungry.

You visited 1 branch of the dungeon, and saw 3 of its levels.

You collected 59 gold pieces.

Inventory:

Hand Weapons
 d - a +0 club
   (You found it on level 1 of the Dungeon)
 g - a +1 club
   (You took it off a hobgoblin on level 1 of the Dungeon)
 h - a +0 dagger
   (You took it off a goblin on level 2 of the Dungeon)
 j - a +0 hunting sling
   (You found it on level 1 of the Dungeon)
 l - a +0 dagger
   (You found it on level 1 of the Dungeon)
 o - a +0 club
   (You found it on level 2 of the Dungeon)
 p - a +0 club
   (You took it off a hobgoblin on level 2 of the Dungeon)
 q - a +0 dagger
   (You took it off a kobold on level 2 of the Dungeon)
 r - a +0 dagger
   (You took it off a kobold on level 2 of the Dungeon)
 v - a +0 dagger
   (You took it off a goblin on level 2 of the Dungeon)
 w - a +0 hunting sling
   (You took it off a goblin on level 2 of the Dungeon)
 x - a +0 dagger
   (You took it off a goblin on level 2 of the Dungeon)
 z - a +0 dagger
   (You took it off a goblin on level 2 of the Dungeon)
 C - a +0 war axe
   (You took it off an orc on level 2 of the Dungeon)
 D - a +0 short sword
   (You took it off an orc on level 2 of the Dungeon)
 E - a +0 flail
   (You took it off an orc on level 3 of the Dungeon)
 F - a +0 club
   (You took it off an orc on level 3 of the Dungeon)
 G - a +0 mace
   (You took it off an orc on level 3 of the Dungeon)
Missiles
 y - 75 stones (quivered)
Armour
 a - a +0 robe
 c - a +0 ring mail (worn)
   (You found it on level 1 of the Dungeon)
Jewellery
 m - an uncursed amulet of harm
   (You found it on level 1 of the Dungeon)
Scrolls
 f - a scroll of teleportation
 k - a scroll of recharging
 t - 3 scrolls of identify
 A - a scroll of magic mapping {!r}
 H - a scroll of random uselessness {unknown}
Potions
 e - a potion of magic
 n - a potion of lignification
 s - a potion of heal wounds
 B - a potion of resistance
Comestibles
 b - 5 meat rations {@e2}
 i - a royal jelly
 u - 3 chunks of flesh {@w0}


   Skills:
 - Level 4.3(3.0) Fighting
 - Level 3.6(2.2) Dodging
 - Level 4.3(3.0) Stealth
 + Level 4.6(3.2) Unarmed Combat


You had 3 spell levels left.
You didn't know any spells.

Dungeon Overview and Level Annotations

Branches:
Dungeon (3/15)

Altars:
Xom


Innate Abilities, Weirdness & Mutations

Your body is rotting away.
You thrive on raw meat.
You are immune to poison.
You have sharp fingernails.
You are carnivorous and can eat meat at any time.
Your flesh is cold resistant. (rC+)
You are immune to negative energy. (rN+++)
You do not regenerate when monsters are visible.
You are immune to unholy pain and torment.
You can survive without breathing.


Message History

The kobold closely misses you.
You scratch the kobold but do no damage.
The kobold misses you.
Your ring mail prevents you from hitting the kobold.
The kobold hits you but does no damage.
You scratch the kobold. The kobold hits you but does no damage.
You closely miss the kobold. The kobold hits you but does no damage.
You claw the kobold!
You kill the kobold!
No target in view!
y - 75 stones (gained 4)
You see here a kobold corpse.
You butcher the kobold corpse.
u - 10 chunks of flesh {@w0} (gained 2)
You see here a kobold skeleton.
There isn't anything to butcher here.
There isn't anything to butcher here.
As you open the door, it creaks loudly!
A jelly comes into view.
The jelly quivers.
You see here a kobold skeleton.
You scratch the jelly. The acid corrodes you!
Your claws burn!
You take 3 damage, and have 38/41 hp.
You scratch the jelly but do no damage.
Your claws burn!
The jelly barely misses you.
A jelly comes into view.
You take 1 damage, and have 37/41 hp.
You scratch the jelly but do no damage. The acid corrodes you!
Your claws burn!
The jelly closely misses you.
You take 1 damage, and have 36/41 hp.
You scratch the jelly.
Your claws burn!
The jelly hits you. The acid corrodes you!
You are splashed with acid!
The acid burns!
You take 14 damage, and have 22/41 hp.
MASSIVE DAMAGE!!
An ooze comes into view.
There is an open door here.
There is an open gate here.
The jelly jiggles.
The jelly misses you.
You see here a kobold corpse.
You see here a dagger.
You are no longer corroded.
You claw the jelly!
Your claws burn!
The jelly misses you.
You take 4 damage, and have 18/41 hp.
You scratch the jelly.
Your claws burn!
The jelly hits you but does no damage.
You take 3 damage, and have 15/41 hp.
Eat one of 10 chunks of flesh {@w0}? (ye/n/q)
You eat one of the 10 chunks of flesh {@w0}.
This raw flesh tastes great!
The jelly barely misses you.
You regained 8 hp, and now have 23/41 hp.
Eat one of 9 chunks of flesh {@w0}? (ye/n/q)
You eat one of the 9 chunks of flesh {@w0}.
This raw flesh tastes great!
The jelly hits you but does no damage.
You regained 3 hp, and now have 26/41 hp.
Eat one of 8 chunks of flesh {@w0}? (ye/n/q)
You eat one of the 8 chunks of flesh {@w0}.
This raw flesh tastes great!
The jelly jiggles.
The jelly hits you but does no damage.
You regained 6 hp, and now have 32/41 hp.
Eat one of 7 chunks of flesh {@w0}? (ye/n/q)
You eat one of the 7 chunks of flesh {@w0}.
This raw flesh tastes great!
The jelly barely misses you.
You regained 5 hp, and now have 37/41 hp.
You scratch the jelly.
Your claws burn!
The jelly hits you.
You are splashed with acid!
The acid burns!
You take 11 damage, and have 26/41 hp.
MASSIVE DAMAGE!!
Eat one of 6 chunks of flesh {@w0}? (ye/n/q)
You eat one of the 6 chunks of flesh {@w0}.
This raw flesh tastes great!
The jelly hits you. The acid corrodes you!
You are splashed with acid!
The acid burns!
You take 6 damage, and have 20/41 hp.
There is a stone staircase leading up here.
The jelly hits you. The acid corrodes you!
You are splashed with acid!
The acid burns!
* * * LOW HITPOINT WARNING * * *
You climb upwards.
There is a stone staircase leading down here.
You take 13 damage, and have 7/41 hp.
MASSIVE DAMAGE!!
Eat one of 5 chunks of flesh {@w0}? (ye/n/q)
You eat one of the 5 chunks of flesh {@w0}.
This raw flesh tastes great!
The jelly hits you.
* * * LOW HITPOINT WARNING * * *
You are splashed with acid!
The acid burns!
* * * LOW HITPOINT WARNING * * *
You take 4 damage, and have 3/41 hp.
Eat one of 4 chunks of flesh {@w0}? (ye/n/q)
You eat one of the 4 chunks of flesh {@w0}.
This raw flesh tastes great!
The jelly barely misses you.
You regained 5 hp, and now have 8/41 hp.
You scratch the jelly but do no damage. The acid corrodes you!
Your claws burn!
* * * LOW HITPOINT WARNING * * *
The jelly barely misses you.
You take 4 damage, and have 4/41 hp.
You barely miss the jelly. The jelly hits you.
* * * LOW HITPOINT WARNING * * *
You are splashed with acid!
The acid burns!
You die...

#.#.##.#..........
#.#.##.#..........
#.#.##.#..<.......
#.#....#..........
#.#...............
#[#.....#.########
#.................
#.#.....#.........
###@................
#..J.............###
#...................
#.........#......###
#.........#.######
#...........#
#.........#.#
#.........#.#
#.........#.# ####


You could see a jelly.

Vanquished Creatures
  3 adders (D:2)
  2 dart slugs
  2 leopard geckos
  6 orcs
  3 giant cockroaches
  8 goblins
  5 hobgoblins
  7 jackals
  13 kobolds
  2 bats
  3 frilled lizards
  2 rats
56 creatures vanquished.

Vanquished Creatures (others)
  11 toadstools (D:3)
11 creatures vanquished.

Grand Total: 67 creatures vanquished

Notes
Turn   | Place    | Note
-------+----------+-------------------------------------------
     0 | D:1      | grisnicke the Ghoul Monk began the quest for the Orb.
     0 | D:1      | Reached XP level 1. HP: 22/22 MP: 0/0
    98 | D:1      | Reached skill level 1 in Unarmed Combat
   147 | D:1      | Reached XP level 2. HP: 28/28 MP: 1/1
   242 | D:1      | Reached skill level 2 in Unarmed Combat
   506 | D:1      | Reached XP level 3. HP: 34/34 MP: 2/2
   696 | D:2      | Found a shimmering altar of Xom.
   771 | D:2      | Reached skill level 3 in Unarmed Combat
  1322 | D:2      | Reached XP level 4. HP: 39/41 MP: 3/3
  1427 | D:2      | Reached skill level 4 in Unarmed Combat
  2136 | D:3      | HP: 7/41 [acid (10)]
  2138 | D:2      | HP: 3/41 [acid (8)]
  2141 | D:2      | Splashed by a jelly's acid

Vault maps used:
D:1:      lightli_arrival_flooded_house
D:2:      kennysheep_the_goblin_king, overflow_temple_1_default, first_bread
D:3:      cheibrodos_fertilizer, overflow_temple_1_default, serial_forest,
          infiniplex_forest_end_2, infiniplex_forest_corner_2,
          infiniplex_forest_clump_diagonal, infiniplex_forest_lined_corner,
          infiniplex_forest_clump_tiny, infiniplex_forest_join,
          grunt_decor_one_mirror

Skill      XL: |  1  2  3  4 |
---------------+-------------+-----
Unarmed Combat | 1 2 3 4 |  4.6
Fighting       | |  4.3
Dodging        | |  3.6
Stealth        | |  4.3

Action                   |  1- 3 |  4- 6 || total
-------------------------+-------+-------++-------
Melee: Unarmed           |   112 |   113 ||   225
       Punch             |     1 |       ||     1
  Use: Scroll            |     9 |     3 ||    12
 Stab: Sleeping          |     2 |       ||     2
  Eat: Chunk             |     8 |    15 ||    23
Armor: Robe              |     4 |       ||     4
       Ring mail         |    34 |    29 ||    63
Dodge: Dodged            |    54 |    67 ||   121

Vault maps used:
D:1:      lightli_arrival_flooded_house
D:2:      kennysheep_the_goblin_king, overflow_temple_1_default, first_bread
D:3:      cheibrodos_fertilizer, overflow_temple_1_default, serial_forest,
          infiniplex_forest_end_2, infiniplex_forest_corner_2,
          infiniplex_forest_clump_diagonal, infiniplex_forest_lined_corner,
          infiniplex_forest_clump_tiny, infiniplex_forest_join,
          grunt_decor_one_mirror

Table legend:
 A = Turns spent in this place as a percentage of turns spent in the entire game.
 B = Non-inter-level travel turns spent in this place as a percentage of non-inter-level travel turns spent in the entire game.
 C = Inter-level travel turns spent in this place as a percentage of turns spent in this place.
 D = Turns resting spent in this place as a percentage of non-inter-level travel turns spent in this place.
 E = Turns spent auto-exploring this place as a percentage of non-inter-level travel turns spent in this place.
 F = Non-inter-level travel turns spent in this place divided by the number of levels of this place that you've seen.
                   A       B       C       D       E      F
               +-------+-------+-------+-------+-------+----------------------
         Total | 100.0 | 100.0 |   0.4 |   0.0 |   6.2 | 265.3
       Dungeon | 100.0 | 100.0 |   0.4 |   0.0 |   6.2 | 265.3
               +-------+-------+-------+-------+-------+----------------------

Table legend:
 A = Kills in this place as a percentage of kills in entire the game.
 B = Kills by you in this place as a percentage of kills by you in the entire game.
 C = Kills by friends in this place as a percentage of kills by friends in the entire game.
 D = Other kills in this place as a percentage of other kills in the entire game.
 E = Experience gained in this place as a percentage of experience gained in the entire game.
 F = Experience gained in this place divided by the number of levels of this place that you have seen.
                   A       B       C       D       E      F
               +-------+-------+-------+-------+-------+----------------------
         Total | 100.0 | 100.0 |  -nan |  -nan | 100.0 |  48.0
       Dungeon | 100.0 | 100.0 |  -nan |  -nan | 100.0 |  48.0
               +-------+-------+-------+-------+-------+----------------------
